 Dungeon Crawl Stone Soup version 0.32-a0-931-g5a2cda0630 (webtiles) character file.

Game seed: 17802528073799011533

4807 Daunt the Cleaver (level 10, -4/72 HPs)
             Began as a Coglin Fighter on Apr 14, 2024.
             Was a Believer of Ru.
             Slain by a manticore (17 damage)
             ... on level 9 of the Dungeon.
             The game lasted 00:35:34 (9378 turns).

Daunt the Cleaver (Coglin Fighter)                  Turns: 9378, Time: 00:35:35

Health: -4/72      AC: 13    Str: 21    XL:     10   Next: 48%
Magic:  10/10      EV:  8    Int:  8    God:    Ru [**....]
Gold:   615        SH:  0    Dex: 13    Spells: 9/9 levels left

rFire   . . .        a - +0 war axe {Hwan}
rCold   . . .        y - +0 war axe {Caihong}
rNeg    . . .        c - +0 chain mail
rPois   .            f - +0 helmet
rElec   .            A - +1 cloak
rCorr   .            j - +0 pair of gloves
SInv    .            (no boots)
Will    .....        (amulet unavailable) Stlth
                     (ring unavailable)
HPRegen 0.32/turn    (ring unavailable)
MPRegen 0.12/turn    (no gizmo)

%: no passive effects
@: revved
A: no earth magic, no necromancy magic, no alchemy magic, unskilled 1, off-hand
wielding, slow wielding, warmup strikes, no jewellery
a: Invent Gizmo, Renounce Religion


You were on level 9 of the Dungeon.
You worshipped Ru.
Ru was pleased with you.
You visited 2 branches of the dungeon, and saw 10 of its levels.

You collected 615 gold pieces.

Inventory:

Hand Weapons
 a - a +0 war axe (weapon) {Hwan}
 n - a +3 morningstar
 y - a +0 war axe (offhand) {Caihong}
Missiles
 e - 79 stones
 g - 17 poisoned darts (quivered)
 u - 12 boomerangs
 C - a curare-tipped dart
Armour
 b - a +0 scale mail
 c - a +0 chain mail (worn)
 f - a +0 helmet (worn)
 j - a +0 pair of gloves (worn)
 A - a +1 cloak (worn)
Wands
 k - a wand of digging (6)
 l - a wand of flame (9)
 t - a wand of polymorph (3)
 x - a wand of charming (38)
Scrolls
 h - 3 scrolls of fear
 m - 2 scrolls of revelation
 o - 2 scrolls of immolation {unknown}
 p - a scroll of enchant weapon
 r - 4 scrolls of poison {unknown}
 v - 3 scrolls of teleportation {unknown}
 w - 3 scrolls of blinking {unknown}
Potions
 d - a potion of might
 q - a potion of lignification
 s - 2 potions of resistance
 z - a potion of curing
 B - a potion of attraction
 D - a potion of enlightenment


   Skills:
 + Level 4.2 Fighting
 * Level 11.8 Axes
 + Level 2.6 Throwing
 + Level 3.6 Armour
 + Level 2.5 Dodging
 - Level 2.0 Shields
 + Level 4.8 Evocations


You had 9 spell levels left.
You didn't know any spells.
Your spell library contained the following spells:

 Spells                   Type           Power      Damage    Failure   Level
 Ensorcelled Hibernation  Hex/Ice        0%         N/A       99%         2
 Swiftness                Air            0%         N/A       100%        3
 Sting                    Conj/Alch      Unusable   1d3       N/A         1
 Passwall                 Erth           Unusable   N/A       N/A         3

Dungeon Overview and Level Annotations

Branches:
Dungeon (9/15)             Temple (1/1) D:4
   Lair: D:8-11         Orc: D:9-12

Altars:
Ashenzari
Cheibriados
Dithmenos
Fedhas
Gozag
Hepliaklqana
Kikubaaqudgha
Makhleb
Nemelex Xobeh
Okawaru
Qazlal
Ru
Sif Muna
Uskayaw
Vehumet
Wu Jian
Xom
Yredelemnul
Zin
The Shining One

Portals:
Abyss: D:5

Annotations:
D:5 2 transporters, avangion's ghost, novice DjFE
D:9 Erica; Psyche


Innate Abilities, Weirdness & Mutations

You cannot study or cast Earth magic.
You cannot study or cast Necromancy magic.
You cannot study or cast Alchemy magic.
You are somewhat unskilled. (-1 Apt)
You can wield a second weapon in your off-hand.
It takes a long time for you to wield or remove held weapons.
Your first few attacks do less damage.
You cannot equip rings or amulets.


Message History

You see here a komodo dragon corpse.
You now have 615 gold pieces (gained 19).
A manticore comes into view.
Press: ? - help, v - describe, . - travel
Here: a manticore The floor.
Unknown command.
A manticore is nearby!
You see here a komodo dragon corpse.
There is an open door here.
You hit the manticore with your +0 war axe.
The manticore is lightly wounded.
You completely miss the manticore with your +0 war axe.
The manticore bites you.
The manticore claws you but does no damage. x2
You hit the manticore with your +0 war axe.
The manticore is lightly wounded.
You slash the manticore with your +0 war axe!
The manticore bites you! The manticore claws you!
The manticore barely misses you.
You hit the manticore with your +0 war axe.
The manticore is severely wounded.
You hit the manticore with your +0 war axe.
The manticore bites you!
The manticore claws you but does no damage. x2
You are too injured to fight recklessly!
You barely miss the manticore with your +0 war axe.
The manticore is severely wounded.
You barely miss the manticore with your +0 war axe.
The manticore bites you!!
* * * LOW HITPOINT WARNING * * *
The manticore claws you.
* * * LOW HITPOINT WARNING * * *
The manticore closely misses you.
You hit the manticore with your +0 war axe.
The manticore is severely wounded.
You barely miss the manticore with your +0 war axe.
The manticore bites you!
You die...
Ru respects your ultimate sacrifice.

#.........#.............
#####.....'....#'####.##
#.....#....#... #
##.....#....#....#
#......#....#....#
#......#)>..######
#......#....!...
#......H........
#......#@.......
#.....†#........
####......#........ ########
#.........#.....<.. #.......
#........H###########.......
#..............H............
#...........................
#...........................
#...........................


You could see a manticore.

Vanquished Creatures
  Pikel (D:4)
  Maurice (D:7)
  A komodo dragon (D:9)
  A troll (D:7)
  2 shadows (D:9)
  An orc warrior (D:9)
  3 ice beasts
  3 sky beasts
  3 black bears
  2 centaurs (D:8)
  3 lemures
  A kobold brigand (D:8)
  2 bullfrogs
  A gnoll sergeant (D:4)
  A scorpion (D:5)
  4 wights
  5 howler monkeys
  2 bombardier beetles
  3 orc priests
  7 hounds
  2 sleepcaps
  A gnoll bouda (D:6)
  Terence (D:2)
  Natasha (thrice) (D:3)
  4 iguanas
  16 orc wizards
  Robin (D:3)
  12 gnolls
  7 adders
  2 shadow imps
  4 white imps
  24 orcs
  4 ball pythons
  10 endoplasms
  A giant cockroach (D:4)
  9 goblins
  11 hobgoblins
  2 jackals (D:4)
  9 kobolds
  4 quokkas
  2 bats
  4 frilled lizards
  5 rats
185 creatures vanquished.

Notes
Turn   | Place    | Note
-------+----------+-------------------------------------------
     0 | D:1      | Daunt the Coglin Fighter began the quest for the Orb.
     0 | D:1      | Reached XP level 1. HP: 18/18 MP: 1/1
   169 | D:1      | Reached XP level 2. HP: 17/24 MP: 2/2
   252 | D:1      | Reached skill level 3 in Axes
   732 | D:2      | Reached XP level 3. HP: 29/29 MP: 3/3
   985 | D:2      | Found a faded altar of an unknown god.
   996 | D:2      | Got Plato's Almanac of Solvents
  1198 | D:2      | Reached skill level 4 in Axes
  1219 | D:2      | Noticed Terence
  1233 | D:2      | Killed Terence
  1234 | D:2      | Reached XP level 4. HP: 22/35 MP: 4/4
  1455 | D:3      | Noticed Robin
  1547 | D:3      | Reached skill level 5 in Axes
  1555 | D:3      | Reached XP level 5. HP: 37/41 MP: 5/5
  1570 | D:3      | Killed Robin
  1722 | D:3      | Noticed Natasha
  1726 | D:3      | Killed Natasha
  1748 | D:3      | Noticed a phantom
  1812 | D:3      | Noticed Natasha
  1820 | D:3      | Killed Natasha
  1839 | D:3      | Noticed Natasha
  1849 | D:3      | Killed Natasha
  1964 | D:4      | Reached skill level 6 in Axes
  1990 | D:4      | Reached XP level 6. HP: 47/47 MP: 6/6
  2139 | D:4      | Noticed Edmund
  2139 | D:4      | Found a staircase to the Ecumenical Temple.
  2419 | Temple   | Entered the Ecumenical Temple
  2427 | Temple   | Became a worshipper of Ru the Awakened
  2436 | D:4      | Noticed Pikel
  2615 | D:4      | Reached skill level 7 in Axes
  2768 | D:4      | Edmund changed into Edmund the bombardier beetle
  2768 | D:4      | Noticed Edmund
  2775 | D:4      | Killed Edmund the bombardier beetle
  2776 | D:4      | Reached XP level 7. HP: 32/52 MP: 7/7
  3653 | D:5      | Entered Level 5 of the Dungeon
  3691 | D:5      | Found a transporter.
  3699 | D:5      | Found a transporter.
  3732 | D:5      | Reached skill level 8 in Axes
  3876 | D:5      | Noticed a toenail golem
  4448 | D:5      | Reached skill level 9 in Axes
  4452 | D:5      | Reached XP level 8. HP: 52/58 MP: 8/8
  4523 | D:5      | Found a one-way gate to the infinite horrors of the Abyss.
  4523 | D:5      | Noticed avangion's ghost (novice DjFE)
  4704 | D:5      | Reached skill level 1 in Evocations
  4740 | D:5      | Found an ancient bone altar of Kikubaaqudgha.
  5002 | D:6      | Gained mutation: You cannot study or cast Earth magic. [Ru
                  | sacrifice]
  5002 | D:6      | Gained mutation: You cannot study or cast Alchemy magic.
                  | [Ru sacrifice]
  5002 | D:6      | Gained mutation: You cannot study or cast Necromancy magic.
                  | [Ru sacrifice]
  5002 | D:6      | Reached * piety under Ru
  5502 | D:4      | Killed Pikel
  5503 | D:4      | Reached skill level 10 in Axes
  5658 | D:6      | Reached skill level 11 in Axes
  5658 | D:6      | Reached XP level 9. HP: 59/63 MP: 9/9
  6460 | D:7      | Identified the +8 sling "Kimuo" {elec, rElec rCorr Str+2}
  6522 | D:7      | Reached skill level 12 in Axes
  6865 | D:7      | Noticed a troll
  6912 | D:7      | Killed a troll
  6913 | D:7      | Reached skill level 1 in Throwing
  6913 | D:7      | Reached skill level 1 in Dodging
  7140 | D:7      | Noticed Maurice
  7163 | D:7      | Something stole a +3 morningstar
  7168 | D:7      | Something stole 102 gold
  7169 | D:7      | Something stole 297 gold
  7183 | D:7      | Killed Maurice
  7347 | D:7      | Reached XP level 10. HP: 71/71 MP: 10/10
  7503 | D:7      | Gained mutation: You are somewhat unskilled. (-1 Apt) [Ru
                  | sacrifice]
  7503 | D:7      | Reduced skill Axes to level 11
  7503 | D:7      | Reduced skill Throwing to level 1
  7503 | D:7      | Reached ** piety under Ru
  7944 | D:8      | Found an opulent altar of Gozag.
  7981 | D:8      | Found a shimmering altar of Xom.
  8795 | D:9      | Noticed Erica
  8853 | D:9      | Noticed Psyche
  9345 | D:9      | Noticed a manticore
  9378 | D:9      | Slain by a manticore

Illustrated notes

Levels and vault maps discovered:
D:1:      minmay_arrival_cross, layout_basic
D:2:      layout_loops_ring, shapermc_ecumenical_altar_rom_forum, uniq_terence
D:3:      layout_rooms, serial_bayou_pond_d, lightli_corner_chamber, uniq_robin,
          uniq_natasha
D:4:      layout_cave_pools, minmay_temple_entry_junction, lightli_minifort,
          uniq_pikel, uniq_edmund
D:5:      layout_loops_corners, lemuel_crystal_altar,
          gammafunk_ghost_abyssal_escape
D:6:      layout_loops_corners, minivault_24, serial_bayou_pond_b,
          nicolae_houndstooth_variations
D:7:      layout_gridville, grunt_ministairs_14, uniq_maurice
D:8:      layout_basic, jmf_multi_god_temple
D:9:      layout_irregular_city, kennysheep_mini, uniq_maggie, uniq_erolcha,
          uniq_psyche, uniq_erica
Temple:   sentei_temple_godly_chess

Skill      XL: |  1  2  3  4  5  6  7  8  9 10 |
---------------+-------------------------------+-----
Axes           | 3 4 5 6 7 9 11 12 11 | 11.8
Evocations     | 3 4 |  4.8
Throwing       | 2 2 |  2.6
Armour         | 3 |  3.6
Dodging        | 1 2 |  2.5
Fighting       | 4 |  4.2
Shields        | |  2.0

Action                     |  1- 3 |  4- 6 |  7- 9 | 10-12 || total
---------------------------+-------+-------+-------+-------++-------
  Melee: War axe           |    59 |   113 |   342 |   148 ||   662
         Whip              |    29 |       |       |       ||    29
         Dagger            |    24 |   119 |   115 |       ||   258
  Throw: Dart              |       |       |     3 |       ||     3
 Invoke: Sacrifice Arcana  |       |       |     1 |       ||     1
         Sacrifice Skill   |       |       |       |     1 ||     1
  Evoke: Wand              |       |     3 |     3 |     2 ||     8
    Use: Scroll            |       |     3 |     5 |     2 ||    10
         Potion            |       |       |     2 |       ||     2
   Stab: Distracted        |       |       |       |     1 ||     1
 Armour: Scale mail        |     7 |       |       |       ||     7
         Chain mail        |    26 |   159 |   217 |    68 ||   470
         Skin              |       |       |     8 |       ||     8
  Dodge: Dodged            |    20 |    57 |    66 |    21 ||   164

Table legend: (Time is in decaauts)
 A = Elapsed time spent in this place.
 B = Non-inter-level travel time spent in this place.
 C = Inter-level travel time spent in this place.
 D = Time resting spent in this place.
 E = Time spent auto-exploring this place.
 F = Levels seen in this place.
 G = Mean time per level.
                   A        B        C        D        E       F      G
               +--------+--------+--------+--------+--------+-----+--------+
         Total |   9411 |   8666 |    745 |    853 |   5798 |  10 |  941.1 |
       Dungeon |   9398 |   8653 |    745 |    853 |   5798 |   9 | 1044.2 |
        Temple |     13 |     13 |      0 |      0 |      0 |   1 |   13.0 |
               +--------+--------+--------+--------+--------+-----+--------+

Top non-repeatable levels by time:
     D:6: 1542 daAuts
     D:5: 1279 daAuts
     D:7: 1251 daAuts
     D:3: 1230 daAuts
     D:4: 1105 daAuts
     D:8: 1030 daAuts
     D:1: 734 daAuts
     D:2: 694 daAuts
     D:9: 528 daAuts
  Temple: 13 daAuts
